 Dungeon Crawl Stone Soup version 0.32-a0-999-gfa1cc04b1d (webtiles) character file.

Game seed: 5933043461348781966

1759 ezpacito the Chopper (level 9, -1/67 HPs)
             Began as a Coglin Chaos Knight on Apr 24, 2024.
             Was a Plaything of Xom.
             Slain by an eldritch tentacle (17 damage)
             ... called by the player character
             ... on level 6 of the Dungeon.
             The game lasted 00:05:06 (4842 turns).

ezpacito the Chopper (Coglin Chaos Knight)          Turns: 4842, Time: 00:05:06

Health: -1/67      AC: 12    Str: 20 (21) XL:     9   Next: 6%
Magic:  12/12      EV:  9    Int:  7      God:    Xom [...*..]
Gold:   124        SH:  0    Dex: 13      Spells: 12/12 levels left

rFire   + . .        a - +0 hand axe (chaos) {Arashi}
rCold   + . .        y - +0 trident {Sagil-Zimu}
rNeg    + . .        u - +0 chain mail
rPois   +            b - +0 helmet "Dyuros" {rPois rN+ Int-3 Slay+5}
rElec   .            l - +0 cloak
rCorr   .            k - +1 pair of gloves
SInv    .            (no boots)
Will    .....        (amulet unavailable) Stlth
                     (ring unavailable)
HPRegen 0.31/turn    (ring unavailable)
MPRegen 0.13/turn    (no gizmo)

%: no passive effects
@: weak-willed
A: off-hand wielding, slow wielding, warmup strikes, no jewellery, iridescent
scales 1, cold resistance 1, deformed body, deterioration 1, fire resistance 1,
poison resistance, strong 1, sturdy frame 1
a: Invent Gizmo, Renounce Religion


You were on level 6 of the Dungeon.
You worshipped Xom.
You were a favourite toy of Xom.
You visited 1 branch of the dungeon, and saw 6 of its levels.

You collected 223 gold pieces.
You spent 99 gold pieces at shops.

Inventory:

Hand Weapons
 a - a +0 hand axe of chaos (weapon) {Arashi}
 i - a +1 heavy hand axe
 y - a +0 trident (offhand) {Sagil-Zimu}
Missiles
 h - 4 throwing nets
 m - 2 boomerangs
 x - 4 atropa-tipped darts (quivered)
Armour
 b - the +0 helmet "Dyuros" (worn) {rPois rN+ Int-3 Slay+5}
   (You found it on level 3 of the Dungeon)

   Int-3:     It affects your intelligence (-3).
   Slay+5:    It affects your accuracy & damage with ranged weapons and melee
   (+5).
   rPois:     It protects you from poison.
   rN+:       It protects you from negative energy.
 k - a +1 pair of gloves (worn)
 l - a +0 cloak (worn)
 u - a +0 chain mail (worn)
Magical Staves
 o - a staff of conjuration
Talismans
 j - a blade talisman
 D - a serpent talisman
Wands
 v - a wand of flame (14)
Scrolls
 c - a scroll of butterflies
 d - a scroll of torment {unknown}
 e - 2 scrolls of fog
 f - a scroll of acquirement {unknown}
 g - a scroll of silence {unknown}
 n - a scroll of amnesia {unknown}
 r - a scroll of revelation
 t - a scroll of teleportation
 w - a scroll of brand weapon {unknown}
 z - a scroll of vulnerability
 A - a scroll of enchant armour {unknown}
Potions
 p - a potion of ambrosia
 q - 2 potions of curing
 s - a potion of lignification {unknown}
 C - a potion of might {unknown}


   Skills:
 * Level 4.9 Fighting
 * Level 5.0(5.6) Axes
 * Level 3.4(4.5) Polearms
 + Level 1.6 Throwing
 * Level 4.1 Armour
 * Level 3.7 Dodging
 + Level 2.3 Stealth
 + Level 2.0 Spellcasting
 + Level 2.3 Conjurations
 + Level 3.1 Evocations
 + Level 1.9 Shapeshifting


You had 12 spell levels left.
You didn't know any spells.
Your spell library contained the following spells:

 Spells                   Type           Power      Damage    Failure   Level
 Kiss of Death            Conj/Necr      8%         2d6       71%         1
 Apportation              Tloc           0%         N/A       86%         1
 Jinxbite                 Hex            0%         N/A       94%         2
 Confusing Touch          Hex            0%         N/A       99%         3
 Volatile Blastmotes      Fire/Tloc      0%         2d10      99%         3
 Dispel Undead            Necr           0%         3d6       100%        4
 Fulminant Prism          Conj/Alch      1%         3d5       100%        4
 Iskenderun's Mystic Bla Conj/Tloc 2%             2d3        (+2d1     100%        4
 Summon Lightning Spire   Summ/Air       0%         N/A       100%        4
 Alistair's Intoxication  Alch           0%         N/A       100%        5
 Arcjolt                  Conj/Air       1%         1d11      100%        5
 Maxwell's Capacitive Co  Air            0%         ∞         100%        8


Dungeon Overview and Level Annotations

Branches:
Dungeon (6/15)
 Temple: D:4-7

Altars:

Shops:
D:4 (


Innate Abilities, Weirdness & Mutations

You can wield a second weapon in your off-hand.
It takes a long time for you to wield or remove held weapons.
Your first few attacks do less damage.
You cannot equip rings or amulets.
You are partially covered in iridescent scales. (AC +2)
Your flesh is cold resistant. (rC+)
Armour fits poorly on your strangely shaped body.
Your body sometimes deteriorates upon taking damage.
Your flesh is heat resistant. (rF+)
Your system is resistant to poisons. (rPois)
Your muscles are strong. (Str +4, Int/Dex -1)
Your movements are slightly less encumbered by armour. (ER -2)


Message History

Your Spellcasting skill increases to level 2!
You have reached level 9!
Your experience leads to an increase in your attributes!
Your base attributes are Str 15, Int 11, Dex 14.
Increase (s)trength, (i)ntelligence, or (d)exterity?
You feel stronger. x2
You take 13 damage, and have 9/67 hp.
You feel better. The ice beast closely misses you.
A water moccasin comes into view.
You regained 11 hp, and now have 20/67 hp.
The ice beast hits you but does no damage.
There is a stone staircase leading up here.
You can't go down here!
The ice beast hits you but does no damage.
You climb upwards.
There is a stone staircase leading down here.
You puncture the ice beast with your +0 trident!
You kill the ice beast!
You feel your intelligence returning.
Your Axes skill increases to level 5!
You start resting.
Magic restored.
HP restored.
Health restored: 67; MP restored: 12
There is a stone staircase leading down here.
You climb downwards.
The eldritch tentacle slaps you but does no damage.
The eldritch tentacle barely misses you.
The eldritch tentacle slaps you but does no damage.
The eldritch tentacle claws you!!
Your body deteriorates!
You feel weakened.
Your willpower is stripped away!
The water moccasin hisses angrily.
There is a stone staircase leading up, spattered with blood here.
You take 32 damage, and have 35/67 hp.
MASSIVE DAMAGE!!
The eldritch tentacle slaps you. The eldritch tentacle shocks you!
* * * LOW HITPOINT WARNING * * *
The eldritch tentacle claws you!
You die...
Xom giggles madly!

....### ..(..
# ..w.. .
#.#...#
..###.#...#
#..S..S...
##.. #..$#
.?... #.##
.....Λ##@.#
....*[─w..#
..#.......#
#..........
#............
#.>..........
##...........
#...........
#...........


You could see an eldritch tentacle, a water moccasin and a ribbon worm.

Vanquished Creatures
  A water moccasin (D:6)
  A sky beast (D:5)
  2 ice beasts (D:5)
  An ogre (D:5)
  The ghost of jamsaran the Apothecary, an amateur DgAl (D:3)
  A phantom (D:4)
  A bullfrog (D:3)
  A scorpion (D:5)
  A wight (D:6)
  2 jellies
  2 gnoll boudas (D:5)
  An orc priest (D:5)
  3 sleepcaps
  Terence (D:3)
  An orc wizard (D:4)
  Ijyb (D:4)
  Natasha (twice) (D:3)
  12 gnolls (D:5)
  4 adders
  2 ufetubi (D:5)
  8 ribbon worms
  7 orcs
  6 ball pythons
  6 endoplasms
  5 giant cockroaches
  12 goblins
  12 hobgoblins
  3 jackals (D:1)
  10 kobolds
  2 quokkas
  5 bats
  3 frilled lizards
  5 rats
125 creatures vanquished.

Vanquished Creatures (collateral kills)
  2 water moccasins
  3 wights (D:6)
5 creatures vanquished.

Grand Total: 130 creatures vanquished

Notes
Turn   | Place    | Note
-------+----------+-------------------------------------------
     0 | D:1      | ezpacito the Coglin Chaos Knight began the quest for the
                  | Orb.
     0 | D:1      | Reached XP level 1. HP: 18/18 MP: 1/1
   226 | D:1      | XOM: silly message
   229 | D:1      | Reached skill level 1 in Dodging
   254 | D:1      | Reached XP level 2. HP: 24/24 MP: 2/2
   352 | D:1      | XOM: silly message
   401 | D:1      | XOM: noise
   809 | D:1      | Reached XP level 3. HP: 29/29 MP: 3/3
  1425 | D:2      | XOM: noise
  1469 | D:2      | XOM: noise
  1549 | D:2      | Reached XP level 4. HP: 33/35 MP: 4/4
  1893 | D:3      | Noticed Natasha
  1898 | D:3      | Killed Natasha
  1899 | D:3      | Reached skill level 1 in Polearms
  1965 | D:3      | Identified the +0 helmet "Dyuros" {rPois rN+ Int-3 Slay+5}
  1965 | D:3      | Noticed Robin
  1971 | D:3      | Robin changed into Robin the frilled lizard
  1971 | D:3      | Noticed Robin
  1971 | D:3      | XOM: polymorph Robin -> Robin the frilled lizard
  1972 | D:3      | Killed Robin the frilled lizard
  2050 | D:3      | Reached XP level 5. HP: 38/41 MP: 5/5
  2073 | D:3      | XOM: give mutations
  2073 | D:3      | Gained mutation: Armour fits poorly on your strangely
                  | shaped body. [Xom's mischief]
  2073 | D:3      | Gained mutation: Your body sometimes deteriorates upon
                  | taking damage. [Xom's mischief]
  2108 | D:3      | Found a faded altar of an unknown god.
  2111 | D:3      | XOM: chaos upgrade
  2134 | D:3      | XOM: silly message
  2137 | D:3      | Found a runed translucent door.
  2300 | D:3      | Noticed Natasha
  2308 | D:3      | Killed Natasha
  2322 | D:3      | Noticed Terence
  2326 | D:3      | Found a runed translucent door.
  2330 | D:3      | XOM: divination: detect items
  2336 | D:3      | Killed Terence
  2338 | D:3      | Reached skill level 1 in Evocations
  2348 | D:3      | Noticed jamsaran's ghost (amateur DgAl)
  2488 | D:3      | Reached skill level 1 in Conjurations
  2512 | D:3      | Reached XP level 6. HP: 42/48 MP: 7/7
  2514 | D:3      | Killed jamsaran's ghost
  2515 | D:3      | Reached skill level 1 in Stealth
  2515 | D:3      | Reached skill level 1 in Shapeshifting
  2544 | D:4      | Found Boloshrot's Weapon Boutique.
  2557 | D:4      | Bought 4 atropa-tipped darts for 50 gold pieces
  2557 | D:4      | Bought a +0 trident for 49 gold pieces
  2584 | D:4      | XOM: cloud trail
  2599 | D:4      | Reached skill level 1 in Spellcasting
  2846 | D:4      | Noticed Ijyb
  2855 | D:4      | Killed Ijyb
  2988 | D:4      | Reached skill level 4 in Axes
  2988 | D:4      | Reached XP level 7. HP: 51/54 MP: 8/8
  3258 | D:4      | XOM: give mutations
  3258 | D:4      | Gained mutation: Your flesh is cold resistant. (rC+) [Xom's
                  | grace]
  3258 | D:4      | Gained mutation: Your muscles are strong. (Str +4, Int/Dex
                  | -1) [Xom's grace]
  3258 | D:4      | Gained mutation: Your movements are slightly less
                  | encumbered by armour. (ER -2) [Xom's grace]
  3258 | D:4      | Gained mutation: Your flesh is heat resistant. (rF+) [Xom's
                  | grace]
  3415 | D:4      | XOM: summons 3 hostile demons
  3659 | D:4      | XOM: noise
  3836 | D:5      | Entered Level 5 of the Dungeon
  3957 | D:5      | XOM: cast spell 'Summon Horrible Things'
  4014 | D:5      | XOM: butterfly on damage
  4070 | D:5      | Reached XP level 8. HP: 32/61 MP: 10/10
  4225 | D:5      | XOM: give mutations
  4225 | D:5      | Gained mutation: Your system is resistant to poisons.
                  | (rPois) [Xom's grace]
  4225 | D:5      | Gained mutation: You are partially covered in iridescent
                  | scales. (AC +2) [Xom's grace]
  4317 | D:5      | XOM: fog
  4511 | D:5      | XOM: cleaving
  4517 | D:5      | Reached skill level 1 in Throwing
  4549 | D:5      | XOM: 5-stop teleportation journey
  4673 | D:6      | XOM: cast spell 'Malign Gateway'
  4689 | D:6      | Reached XP level 9. HP: 9/67 MP: 10/12
  4694 | D:5      | Reached skill level 5 in Axes
  4842 | D:6      | Slain by an eldritch tentacle

Illustrated notes

Levels and vault maps discovered:
D:1:      minmay_arrival_split_and_join, layout_basic, serial_forest,
          infiniplex_forest_lined_4_way, infiniplex_forest_straight_5,
          infiniplex_forest_straight_5, infiniplex_forest_zigzag_1,
          infiniplex_forest_clump_cross, infiniplex_forest_lined_3,
          infiniplex_forest_clump_medium, serial_bayou_ford_a
D:2:      layout_rooms
D:3:      layout_basic, shapermc_ecumenical_altar_totnotflames,
          ebering_ghost_sewer_f, uniq_terence, uniq_natasha, uniq_robin
D:4:      layout_layer_cave, serial_shops, nicolae_stop_n_shop_2,
          nicolae_wormholes, uniq_ijyb
D:5:      layout_rooms
D:6:      layout_rooms, minmay_misc_feat_rugged, chequers_jeans

Skill      XL: |  1  2  3  4  5  6  7  8  9 |
---------------+----------------------------+-----
Dodging        | 1 2 3 |  3.7
Armour         | 2 3 4 |  4.1
Polearms       | 1 2 3 |  3.4
Evocations     | 1 2 3 |  3.1
Conjurations   | 1 2 |  2.3
Stealth        | 1 2 |  2.3
Shapeshifting  | 1 |  1.9
Spellcasting   | 1 2 |  2.0
Fighting       | 4 |  4.9
Axes           | 4 5 |  5.0
Throwing       | 1 |  1.6

Action                     |  1- 3 |  4- 6 |  7- 9 || total
---------------------------+-------+-------+-------++-------
  Melee: Hand axe          |   114 |    83 |    79 ||   276
         Dagger            |    75 |       |       ||    75
         Spear             |    40 |    77 |       ||   117
         Trident           |       |    17 |    95 ||   112
  Evoke: Wand              |       |       |     2 ||     2
    Use: Scroll            |       |     4 |     5 ||     9
         Potion            |       |     2 |     4 ||     6
   Stab: Sleeping          |     1 |     1 |       ||     2
         Petrifying        |       |       |     2 ||     2
 Armour: Leather armour    |    45 |     5 |       ||    50
         Chain mail        |       |    80 |    94 ||   174
  Dodge: Dodged            |    31 |    33 |    37 ||   101

Table legend: (Time is in decaauts)
 A = Elapsed time spent in this place.
 B = Non-inter-level travel time spent in this place.
 C = Inter-level travel time spent in this place.
 D = Time resting spent in this place.
 E = Time spent auto-exploring this place.
 F = Levels seen in this place.
 G = Mean time per level.
                   A        B        C        D        E       F      G
               +--------+--------+--------+--------+--------+-----+--------+
         Total |   4832 |   4579 |    253 |    144 |   3648 |   6 |  805.3 |
       Dungeon |   4832 |   4579 |    253 |    144 |   3648 |   6 |  805.3 |
               +--------+--------+--------+--------+--------+-----+--------+

Top non-repeatable levels by time:
     D:4: 1296 daAuts
     D:1: 1250 daAuts
     D:5: 957 daAuts
     D:3: 782 daAuts
     D:2: 523 daAuts
     D:6: 22 daAuts
